 Dungeon Crawl Stone Soup version 0.27.1-33-g824d729ab1 (webtiles) character file.

Game seed: 15018288931639228576

42 MisterFreud the Skirmisher (level 3, -12/54 HPs)
             Began as a Minotaur Abyssal Knight on Dec 22, 2021.
             Was a Believer of Lugonu.
             Killed by divine providence
             ... invoked by an orc priest
              (17 damage)
             ... on level 4 of the Dungeon.
             The game lasted 00:01:22 (1121 turns).

MisterFreud the Skirmisher (MiAK)                   Turns: 1121, Time: 00:01:23

Health: -12/54     AC: 21    Str: 17    XL:     3   Next: 35%
Magic:  3/3        EV:  2    Int:  9    God:    Lugonu [**....]
Gold:   67         SH:  0    Dex:  9    Spells: 2/2 levels left

rFire    . . .     SeeInvis .   a - +1 falchion
rCold    . . .     Faith    .   (no shield)
rNeg     + + +     Spirit   .   (armour currently unavailable)
rPois    +         Reflect  .   (helmet currently unavailable)
rElec    .         Harm     .   (cloak currently unavailable)
rCorr    .         Rampage  .   (gloves currently unavailable)
Will     .....     NoTele   +   (boots currently unavailable)
Stlth    +.........             (no amulet)
HPRegen  0.18/turn              (no ring)
MPRegen  0.08/turn              (no ring)

@: tree-form
A: stationary, stasis, torment immunity, boosted hp, (horns 2), (retaliatory
headbutt)
a: Renounce Religion, Depart the Abyss, Bend Space


You were on level 4 of the Dungeon.
You worshipped Lugonu.
Lugonu was pleased with you.
You were a tree.
You visited 1 branch of the dungeon, and saw 3 of its levels.
You visited the Abyss 1 time.

You collected 67 gold pieces.

Inventory:

Hand Weapons
 a - a +1 falchion (weapon)
Armour
 b - a +0 leather armour (melded)
Scrolls
 c - a scroll of magic mapping {unknown}
 f - a scroll of teleportation {unknown}
 g - a scroll of amnesia {unknown}


   Skills:
 * Level 5.4 Fighting
 - Level 2.4 Long Blades
 - Level 2.4 Armour
 - Level 1.1 Dodging
 - Level 1.7 Invocations


You had 2 spell levels left.
You didn't know any spells.
Your spell library was empty.

Dungeon Overview and Level Annotations

Branches:
Dungeon (2/15)

Altars:

Annotations:
D:4 Pikel


Innate Abilities, Weirdness & Mutations

You are a tree.
Your roots penetrate the ground, keeping you stationary.
You cannot be teleported.
You are immune to unholy pain and torment.
Your maximum health is greatly increased.
Your equipment is partially melded.
((You have a pair of horns on your head.))
((You reflexively headbutt those who attack you in melee.))


Message History

A lemure comes into view.
The orc priest hits you but does no damage.
The lemure hits you. The lemure barely misses you.
You barely miss the orc priest.
The orc priest is almost dead.
The orc priest miscasts a cantrip.
The lemure hits you but does no damage. x2
You barely miss the orc.
The lemure hits you but does no damage. x2
The orc hits you but does no damage.
You hit the orc but do no damage.
The lemure hits you but does no damage. x2
The orc hits you but does no damage.
The lemure hits you but does no damage. x2
You hit the orc.
The orc is severely wounded.
The orc priest calls down the wrath of Beogh upon you.
Beogh smites you! The orc hits you but does no damage.
The lemure hits you but does no damage.
You hit Pikel.
Pikel is lightly wounded.
The orc priest calls upon Beogh to heal the orc.
The orc is healed somewhat.
The orc hits you but does no damage. The lemure hits you.
Pikel hits you but does no damage.
You closely miss Pikel.
Pikel is lightly wounded.
The orc priest invokes the aid of Beogh against you.
Beogh smites you!
* * * LOW HITPOINT WARNING * * *
The orc hits you but does no damage. The lemure hits you but does no damage.
Pikel hits you but does no damage.
You hit Pikel but do no damage.
Pikel is lightly wounded.
The orc priest mumbles some strange prayers to Beogh against you.
Beogh smites you!
* * * LOW HITPOINT WARNING * * *
The orc hits you but does no damage. The lemure barely misses you.
You riposte.
You slash the lemure!
The lemure is moderately wounded.
Pikel hits you but does no damage.
The orc priest calls down the wrath of Beogh upon you.
Beogh smites you!
You die...

.##.##....#########.###
#...............#...# #
#.##....##.........##.#
.........#.............#
###.........#........##....
####......#..............
#......#o55.....##....
####...#K55Z....# ...
#...#♣#..##### .. #o#..# .
.o.o.# .#...g# ###.....
#...... #.#.#.. ..#.####


You could see Pikel, 4 lemures, an orc priest, 2 orcs and a centaur skeleton.

Vanquished Creatures
  An adder (D:2)
  A worm (D:2)
  A dart slug (D:1)
  2 ball pythons (D:1)
  5 endoplasms
  2 goblins (D:1)
  2 hobgoblins (D:1)
  2 kobolds (D:1)
  2 quokkas
  5 bats
  3 rats (D:1)
26 creatures vanquished.

Notes
Turn   | Place    | Note
-------+----------+-------------------------------------------
     0 | Abyss:1  | MisterFreud the Minotaur Abyssal Knight began the quest for
                  | the Orb.
     0 | Abyss:1  | Reached XP level 1. HP: 19/19 MP: 1/1
    16 | D:1      | Escaped the Abyss
   102 | D:1      | Reached skill level 4 in Fighting
   310 | D:1      | Reached XP level 2. HP: 28/28 MP: 2/2
   576 | D:1      | Found a faded altar of an unknown god.
   720 | D:1      | Reached ** piety under Lugonu
   922 | D:2      | Reached skill level 5 in Fighting
   924 | D:2      | Reached XP level 3. HP: 36/36 MP: 3/3
  1082 | D:2      | You fall into a shaft and drop 2 floors!
  1099 | D:4      | Noticed Pikel
  1099 | D:4      | Noticed a lemure
  1099 | D:4      | Noticed a lemure
  1112 | D:4      | Noticed a lemure
  1114 | D:4      | Noticed a lemure
  1121 | D:4      | Killed from afar by an orc priest

Illustrated notes

Levels and vault maps discovered:
D:1:      dpeg_arrival_pits, layout_basic, shapermc_ecumenical_altar_notcrosses,
          hangedman_decor_clover_reticule, minmay_misc_feat_more_columns
D:2:      layout_basic, uniq_robin
D:4:      layout_basic, mainiacjoe_overflow_big_doors, minmay_temple_entry_hall,
          uniq_pikel

Skill      XL: |  1  2 |
---------------+-------+-----
Fighting       | 4 5 |  5.4
Long Blades    | |  2.4
Armour         | |  2.4
Dodging        | |  1.1
Invocations    | |  1.7

Action                   || total
-------------------------++-------
Melee: Falchion          ||    62
       Headbutt          ||     6
  Use: Potion            ||     2
Armor: Leather armour    ||    18
       Skin              ||    28
Dodge: Dodged            ||    37
       Rpst.: Falchion   ||     9
